 Dungeon Sprint DCSS version 0.27-a0-93-g19769c27d7 (webtiles) character file.

Game seed: 1584332737880846348

46906188 mhtbhm the Archmage (level 20, 115/115 HPs)
             Began as a Deep Elf Earth Elementalist on Jan 16, 2021.
             Was the Champion of Vehumet.
             Escaped with the Orb
             ... and 10 runes!
             The game lasted 01:14:33 (13549 turns).

mhtbhm the Archmage (Deep Elf Earth Elementalist)  Turns: 13549, Time: 01:14:34

Health: 115/115    AC:  6    Str:  8    XL:     20   Next: 49%
Magic:  57/61      EV: 36    Int: 23    God:    Vehumet [******]
Gold:   3580       SH:  9    Dex: 21    Spells: 24/73 levels left

rFire    + + .     SeeInvis .   a - staff of earth
rCold    + + .     Faith    .   y - +3 warlock's mirror {reflect}
rNeg     + + +     Spirit   +   I - +4 moon troll leather armour {Spirit, Regen++ MP+5}
rPois    +         Reflect  +   l - -2 hat of the Alchemist {rElec rPois rF+ rC+ rN+ Will+ rMut rCorr}
rElec    +         Harm     .   G - scarf {repulsion}
rCorr    +         Rampage  .   (no gloves)
rMut     +         NoTele   +   (no boots)
Will     ++++.                  R - amulet "Qohehuesk" {rF+ rC+ Regen+ Dex+4}
Stlth    ++........             v - ring "Tutaj" {+Fly rElec Str+9 Int-5 Dex+6}
HPRegen  1.49/turn              n - ring of the Equinox {+Fly rN+++ Will+ MP+9 Str-4}
MPRegen  0.37/turn

@: very slightly contaminated, studying 2 skills, repel missiles
A: repulsion field 1, blurry vision 1, clumsy 2, deformed body, deterioration 1,
dopey 1, frail 1, low mp 1, poison resistance, screaming 1, weak 1, no potion
heal 1
0: Orb of Zot
}: 10/10 runes: decaying, serpentine, slimy, silver, golden, iron, obsidian,
icy, bone, demonic
a: Renounce Religion, Evoke Flight


You escaped.
You worshipped Vehumet.
Vehumet was exalted by your worship.
You visited 1 branch You collected 7889 gold pieces.
You spent 4309 gold pieces at shops.

Inventory:

Hand Weapons
 u - a +5 eudemon blade of holy wrath
 S - the +4 staff of Dispater
   (You took it off Dispater in the Dungeon)
Missiles
 o - 4 curare-tipped darts (quivered)
 A - 129 stones
Armour
 l - the -2 hat of the Alchemist (worn) {rElec rPois rF+ rC+ rN+ Will+ rMut rCorr}
   (You bought it in a shop in the Dungeon)

   It protects you from fire.
   It protects you from cold.
   It insulates you from electricity.
   It protects you from poison.
   It protects you from negative energy.
   It affects your willpower, your defense against some magical effects.
   It provides partial protection from all sources of acid and corrosion.
   It protects you from mutation.
 y - the +3 warlock's mirror (worn) {reflect}
   (You took it off a deep elf high priest in the Dungeon)
 G - a scarf of repulsion (worn)
 I - the +4 moon troll leather armour (worn) {Spirit, Regen++ MP+5}
   (You bought it in a shop in the Dungeon)

   It affects your magic capacity (+5).
   It increases your rate of regeneration.
 U - a +0 cloak of preservation
 V - the +8 orange crystal plate armour {Archmagi, Int+3 Clar}
   (You found it in the Dungeon)

   It affects your intelligence (+3).
   It protects you against confusion.
Magical Staves
 a - an uncursed staff of earth (weapon)
Jewellery
 b - the ring of Erium {*Contam rCorr Int+4 Dex+2}
   (You took it off a deep elf high priest in the Dungeon)

   [ring of resist corrosion]

   It affects your intelligence (+4).
   It affects your dexterity (+2).
   It causes magical contamination when unequipped.
   It provides partial protection from all sources of acid and corrosion.
 n - the ring of the Equinox (right hand) {+Fly rN+++ Will+ MP+9 Str-4}
   (You acquired it in the Dungeon)

   [ring of magical power]

   It affects your strength (-4).
   It renders you almost immune to negative energy.
   It affects your willpower, your defense against some magical effects.
   It affects your magic capacity (+9).
   It lets you fly.
 p - an uncursed ring of fire
 v - the ring "Tutaj" (left hand) {+Fly rElec Str+9 Int-5 Dex+6}
   (You found it in the Dungeon)

   [ring of dexterity]

   It affects your strength (+9).
   It affects your intelligence (-5).
   It affects your dexterity (+6).
   It insulates you from electricity.
   It lets you fly.
 z - the ring "Jino" {+Inv Str+3 Dex+6 SInv}
   (You took it off a deep elf demonologist in the Dungeon)

   [ring of dexterity]

   It affects your strength (+3).
   It affects your dexterity (+6).
   It lets you see invisible.
   It lets you turn invisible.
 B - an uncursed ring of protection from fire
 C - the ring of Lilacs {Ice *Corrode rPois Will+++ Dex+3}
   (You bought it in a shop in the Dungeon)

   [ring of ice]

   It enhances your ice magic.
   It affects your dexterity (+3).
   It makes you vulnerable to fire.
   It protects you from cold.
   It protects you from poison.
   It affects your willpower, your defense against some magical effects.
   It may corrode you when you take damage.
 F - an uncursed amulet of reflection {unknown}
 R - the amulet "Qohehuesk" (around neck) {rF+ rC+ Regen+ Dex+4}
   (You acquired it in the Dungeon)

   [amulet of regeneration]

   It affects your dexterity (+4).
   It protects you from fire.
   It protects you from cold.
   It increases your rate of regeneration.
 W - the amulet of Vitality {Regen+ HP+15}
   (You found it in the Dungeon)

   [amulet of regeneration]

   It affects your health (+15).
   It increases your rate of regeneration.
Wands
 k - a wand of enslavement (11)
 E - a wand of polymorph (6)
 H - a wand of iceblast (9)
 K - a wand of digging (6)
 N - a wand of disintegration (3)
 O - a wand of paralysis (9)
Scrolls
 e - 5 scrolls of amnesia
 h - a scroll of magic mapping
 m - 3 scrolls of identify
 w - a scroll of fear
 Q - 4 scrolls of enchant armour
 T - 6 scrolls of enchant weapon
Potions
 c - 2 potions of resistance
 d - 9 potions of curing
 f - 5 potions of haste
 i - a potion of ambrosia {unknown}
 q - a potion of mutation
 r - 2 potions of might
 t - 4 potions of attraction
 D - 8 potions of heal wounds
 J - 2 potions of flight
Books
 g - a manual of Bows
 L - a manual of Unarmed Combat
Miscellaneous
 j - the horn of Geryon
 s - a phantom mirror
 x - a condenser vane
 M - a lightning rod (4/4)
 P - a quad damage


   Skills:
 + Level 14.5 Fighting
 + Level 13.4 Staves
 * Level 16.8 Throwing
 + Level 16.3 Armour
 O Level 27 Dodging
 - Level 13.1 Stealth
 - Level 4.0 Shields
 O Level 27 Spellcasting
 O Level 27 Conjurations
 O Level 27 Transmutations
 * Level 18.1 Fire Magic
 O Level 27 Earth Magic
 O Level 27 Evocations


You had 24 spell levels left.
You knew the following spells:

 Your Spells              Type           Power        Failure   Level
a - Sandblast             Erth           100%         0%          1
b - Passwall              Tmut/Erth      100%         0%          2
c - Stone Arrow           Conj/Erth      100%         0%          3
d - Lee's Rapid Deconstr  Erth           62%          0%          5
e - Petrify               Tmut/Erth      100%         0%          4
f - Iron Shot             Conj/Erth      62%          0%          6
g - Bolt of Magma         Conj/Fire/Erth 59%          0%          5
h - Statue Form           Tmut/Erth      83%          0%          6
i - Shatter               Erth           62%          1%          9
j - Lehudib's Crystal Sp  Conj/Erth      62%          1%          8

Your spell library contained the following spells:

 Spells                   Type           Power        Failure   Level
 Chain Lightning          Conj/Air       37%          9%          8
 Tornado                  Air            15%          100%        9
 Magic Dart               Conj           100%         0%          1
 Shock                    Conj/Air       100%         0%          1
 Searing Ray              Conj           100%         0%          2
 Dazzling Flash           Conj/Hex       100%         0%          3
 Spider Form              Tmut/Pois      37%          0%          3
 Static Discharge         Conj/Air       75%          0%          3
 Blade Hands              Tmut           50%          0%          5
 Irradiate                Conj/Tmut      50%          0%          5
 Iskenderun's Battlesphe  Conj           100%         0%          5
 Orb of Destruction       Conj           50%          0%          7
 Animate Skeleton         Necr           62%          1%          1
 Apportation              Tloc           62%          1%          1
 Corona                   Hex            34%          1%          1
 Freeze                   Ice            100%         1%          1
 Summon Small Mammal      Summ           100%         1%          1
 Call Imp                 Summ           31%          1%          2
 Slow                     Hex            31%          1%          2
 Inner Flame              Hex/Fire       64%          1%          3
 Fulminant Prism          Conj/Hex       37%          1%          4
 Hailstorm                Conj/Ice       75%          1%          4
 Ice Form                 Ice/Tmut       75%          1%          4
 Iskenderun's Mystic Bla  Conj/Tloc      75%          1%          4
 Leda's Liquefaction      Hex/Erth       48%          1%          4
 Alistair's Intoxication  Tmut/Pois      50%          1%          5
 Eringya's Noxious Bog    Tmut/Pois      37%          1%          6
 Freezing Cloud           Conj/Ice/Air   32%          1%          6
 Spellforged Servitor     Conj/Summ      37%          1%          7
 Call Canine Familiar     Summ           31%          3%          3
 Confusing Touch          Hex            31%          3%          3
 Gell's Gravitas          Tloc           15%          3%          3
 Portal Projectile        Hex/Tloc       62%          3%          3
 Summon Guardian Golem    Hex/Summ       31%          3%          3
 Cause Fear               Hex            15%          12%         4
 Summon Ice Beast         Ice/Summ       31%          12%         4
 Summon Lightning Spire   Summ/Air       31%          12%         4
 Metabolic Englaciation   Hex/Ice        15%          34%         5
 Ozocubu's Refrigeration  Ice            15%          41%         6
 Dispersal                Tloc           15%          88%         6
 Invisibility             Hex            31%          88%         6
 Simulacrum               Ice/Necr       15%          88%         6
 Disjunction              Tloc           15%          100%        8


Dungeon Overview and Level Annotations

Branches:
Dungeon (1/1)

Altars:
Cheibriados
Dithmenos
Elyvilon
Fedhas
Gozag
Hepliaklqana
Kikubaaqudgha
Makhleb
Nemelex Xobeh
Okawaru
Qazlal
Ru
Sif Muna
Trog
Uskayaw
Vehumet
Wu Jian
Xom
Yredelemnul
Zin
The Shining One
Beogh
Jiyva
Lugonu

Shops:
D [:!=![?[}[!!(*[}?==!(=:


Innate Abilities, Weirdness & Mutations

You are surrounded by a mild repulsion field. (EV +2)
Scrolls take you a little longer to read.
You are very clumsy. (Dex -4)
Armour fits poorly on your strangely shaped body.
Your body sometimes deteriorates upon taking damage.
You are dopey. (Int -2)
You are frail. (-10% HP)
Your magical capacity is low. (-10% MP)
Your system is resistant to poisons. (rPois)
You occasionally shout uncontrollably at your foes.
You are weak. (Str -2)
Potions are less effective at restoring your health.


Message History

Casting: Lee's Rapid Deconstruction (safe; 0% risk of failure)
Confirm with . or Enter, or press ? or * to list all spells.
Aiming: Lee's Rapid Deconstruction (safe; 0% risk of failure)
Press: ? - help, Dir - move target A stone wall.
This square is covered in magical glow.
You feel a surge of power!
The wall shatters!
The blast of rock fragments hits the golden eye!!!
You kill the golden eye!
Vehumet accepts your kill.
Unknown command.
There is a fountain of clear blue water here.
There is an open door to the Ecumenical Temple here.
You see here a +0 robe.
Your transformation is almost over.
You revert to your normal fleshy form.
The +4 moon troll leather armour {Spirit, Regen++ MP+5} unmelds from your body.
You feel spirits watching over you.
There is a staircase leading out of the dungeon here.
You have escaped!

▓▓▓▓▓▓▓▓▓ ▓▓
▓@..#...#### ##.
▓...#......#####..
▓..##.......#..#..
▓##.##.##...#..#..
##.##.###..##'#..
▓#.####.##[.###...
▓.###..##..####..)
▓#.....##..###....
###..##..[##.....


There were no monsters in sight!

Vanquished Creatures
  Antaeus (D)
  the Royal Jelly (D)
  the Serpent of Hell (D)
  Gloorx Vloq (D)
  Dispater (D)
  An orb of fire (D)
  Mennas (D)
  Tiamat (D)
  Mara (D)
  An ancient lich (D)
  Sojobo (D)
  6 royal mummies (D)
  Boris (D)
  A Killer Klown (D)
  Xtahua (D)
  A golden dragon (D)
  Geryon (D)
  Nikola (D)
  Nellie (D)
  2 liches (D)
  An electric golem (D)
  A Brimstone Fiend (D)
  An iron giant (D)
  3 Hell Sentinels (D)
  Rupert (D)
  A titan (D)
  5 Ice Fiends (D)
  2 Orb Guardians (D)
  Murray (D)
  A deep elf blademaster (D)
  An Executioner (D)
  5 acid blobs (D)
  Frances (D)
  2 sphinxes (D)
  Gastronok (D)
  Chuck (D)
  An ancient champion (D)
  A storm dragon (D)
  Roxanne (D)
  Donald (D)
  4 shadow dragons (D)
  2 fire giants (D)
  10 azure jellies (D)
  A nagaraja (D)
  3 ghost moths (D)
  3 frost giants (D)
  A draconian knight (D)
  A draconian shifter (D)
  3 draconian stormcallers (D)
  An iron dragon (D)
  2 draconian scorchers (D)
  3 stone giants (D)
  4 war gargoyles (D)
  3 deep elf demonologists (D)
  A corrupter (D)
  Azrael (D)
  A deep elf annihilator (D)
  Nessos (D)
  2 vampire knights (D)
  2 dire elephants (D)
  A yellow draconian (D)
  8 death oozes (D)
  3 fire dragons (D)
  2 deep elf high priests (D)
  7 mummy priests (D)
  2 yaktaur captains (D)
  17 vault guards (D)
  Erolcha (D)
  A naga warrior (D)
  3 hydras (D)
  2 centaur warriors (D)
  2 hell beasts (D)
  An ogre mage (D)
  5 anacondas (D)
  4 death yaks (D)
  2 iron elementals (D)
  4 dancing weapons (D)
  Urug (D)
  2 sun demons (D)
  5 orc high priests (D)
  2 soul eaters (D)
  2 deep elf knights (D)
  2 golden dragon zombies (D)
  2 iron golems (D)
  4 hell knights (D)
  6 skeletal warriors (D)
  A shadow wraith (D)
  A death drake (D)
  A shadow demon (D)
  A glowing orange brain (D)
  3 kraken simulacra (D)
  An orange crystal statue (D)
  A spriggan druid (D)
  A lindwurm (D)
  2 obsidian statues (D)
  3 orc knights (D)
  5 deep elf magi (D)
  2 oklob plants (D)
  4 crystal guardians (D)
  A wolf spider (shapeshifter) (D)
  2 orc sorcerers (D)
  3 shining eyes (D)
  A moth of wrath (D)
  5 ugly things (D)
  3 black mambas (D)
  2 elephants (D)
  9 statues (D)
  A guardian serpent (D)
  3 rust devils (D)
  A molten gargoyle (D)
  A rime drake (D)
  2 cane toads (D)
  6 hellions (D)
  An anaconda simulacrum (D)
  A komodo dragon (D)
  2 ice devils (D)
  15 yaktaurs (D)
  A queen bee (D)
  3 wandering mushrooms (D)
  2 tyrant leeches (D)
  31 guardian mummies (D)
  4 spriggan defenders (D)
  3 hornets (D)
  8 blink frogs (D)
  11 slime creatures (D)
  9 shadows (D)
  A spriggan (D)
  5 redbacks (D)
  3 golden eyes (D)
  2 nagas (D)
  4 iron troll simulacra (D)
  A spatial vortex (D)
  4 water moccasins (D)
  2 hell hounds (D)
  2 hydra simulacra (D)
  6 floating eyes (D)
  2 orc warriors (D)
  A swamp drake (D)
  A fire dragon simulacrum (D)
  A black mamba simulacrum (D)
  A necrophage (D)
  5 two-headed ogres (D)
  A water elemental (D)
  32 killer bees (D)
  4 electric eels (D)
  12 quasits (D)
  A jelly (D)
  5 orc priests (D)
  2 orc wizards (D)
  A wizard (D)
  Jessica (D)
  2 necromancers (D)
  A polar bear simulacrum (D)
  A kobold demonologist (D)
  3 humans (D)
  A wolf (D)
  4 adders (D)
  An ooze (D)
  5 orcs (D)
  2 rats (D)
  3 ball lightnings (D)
  3 bushes (D)
  11 butterflies (D)
  5 plants (D)
497 creatures vanquished.

Vanquished Creatures (others)
  An eldritch tentacle (D)
  A spriggan (D)
  2 ball lightnings (D)
  3 ballistomycete spores (D)
  2 bushes (D)
  30 plants (D)
  4 tentacles (D)
43 creatures vanquished.

Grand Total: 540 creatures vanquished

Notes
Turn   | Place    | Note
-------+----------+-------------------------------------------
     0 | D        | mhtbhm the Deep Elf Earth Elementalist began the quest for
                  | the Orb.
     0 | D        | Reached XP level 1. HP: 10/10 MP: 6/6
    51 | D        | Noticed Jessica
    57 | D        | Killed Jessica
    58 | D        | Reached XP level 2. HP: 15/15 MP: 1/9
    58 | D        | Reached XP level 3. HP: 19/19 MP: 1/11
   148 | D        | Reached skill level 5 in Spellcasting
   295 | D        | Learned a level 2 spell: Passwall
   299 | D        | Learned a level 3 spell: Stone Arrow
   329 | D        | Gained mutation: You have large cloven feet. [potion of
                  | mutation]
   329 | D        | Gained mutation: You expend magic power (3 MP) to
                  | strengthen your wands. [potion of mutation]
   330 | D        | Lost mutation: You have large cloven feet. [potion of
                  | mutation]
   330 | D        | Lost mutation: You expend magic power (3 MP) to strengthen
                  | your wands. [potion of mutation]
   330 | D        | Gained mutation: Your movements are slightly less
                  | encumbered by armour. (ER -2) [potion of mutation]
   330 | D        | Gained mutation: You occasionally shout uncontrollably at
                  | your foes. [potion of mutation]
   330 | D        | Gained mutation: Your mind is acute. (Int +2) [potion of
                  | mutation]
   333 | D        | Lost mutation: You occasionally shout uncontrollably at
                  | your foes. [potion of mutation]
   333 | D        | Lost mutation: Your mind is acute. (Int +2) [potion of
                  | mutation]
   333 | D        | Lost mutation: Your movements are slightly less encumbered
                  | by armour. (ER -2) [potion of mutation]
   333 | D        | Gained mutation: You are partially covered in icy blue
                  | scales. (AC +2) [potion of mutation]
   333 | D        | Gained mutation: Scrolls take you a little longer to read.
                  | [potion of mutation]
   333 | D        | Gained mutation: You expend magic power (3 MP) to
                  | strengthen your wands. [potion of mutation]
   334 | D        | Lost mutation: You are partially covered in icy blue
                  | scales. (AC +2) [potion of mutation]
   334 | D        | Lost mutation: Scrolls take you a little longer to read.
                  | [potion of mutation]
   334 | D        | Lost mutation: You expend magic power (3 MP) to strengthen
                  | your wands. [potion of mutation]
   334 | D        | Gained mutation: You evolve. [potion of mutation]
   334 | D        | Gained mutation: You rapidly evolve. [potion of mutation]
   335 | D        | Lost mutation: You rapidly evolve. [potion of mutation]
   335 | D        | Lost mutation: You evolve. [potion of mutation]
   335 | D        | Gained mutation: Your system is resistant to poisons.
                  | (rPois) [potion of mutation]
   335 | D        | Gained mutation: You are surrounded by a mild repulsion
                  | field. (EV +2) [potion of mutation]
   396 | D        | Noticed a water elemental
   398 | D        | Killed a water elemental
   399 | D        | Reached XP level 4. HP: 10/24 MP: 11/15
   567 | D        | Found a radiant altar of Vehumet.
   567 | D        | Found a shimmering blue altar of Sif Muna.
   567 | D        | Found an ancient bone altar of Kikubaaqudgha.
   567 | D        | Noticed a wizard
   569 | D        | Killed a wizard
   570 | D        | Reached XP level 5. HP: 28/28 MP: 14/17
   582 | D        | Became a worshipper of Vehumet
   730 | D        | Learned a level 5 spell: Lee's Rapid Deconstruction
   735 | D        | Learned a level 4 spell: Petrify
   735 | D        | Found a glowing silver altar of Zin.
   735 | D        | Found a glowing golden altar of the Shining One.
   735 | D        | Found a white marble altar of Elyvilon.
   735 | D        | Noticed a deep elf mage
   737 | D        | Killed a deep elf mage
   738 | D        | Reached skill level 5 in Dodging
   738 | D        | Reached skill level 5 in Stealth
   738 | D        | Reached XP level 6. HP: 32/32 MP: 7/23
   738 | D        | Reached XP level 7. HP: 36/36 MP: 7/24
   829 | D        | Found a hide-covered altar of Uskayaw.
   829 | D        | Found a roughly hewn altar of Beogh.
   829 | D        | Found an iron altar of Okawaru.
   829 | D        | Found a bloodstained altar of Trog.
   829 | D        | Found an ornate altar of the Wu Jian Council.
   829 | D        | Noticed a human
   829 | D        | Noticed a human
   831 | D        | Killed a human
   831 | D        | Killed a human
   831 | D        | Reached * piety under Vehumet
   831 | D        | Offered knowledge of Freeze by Vehumet.
   899 | D        | Found a basalt altar of Yredelemnul.
   899 | D        | Found a shadowy altar of Dithmenos.
   899 | D        | Found a sacrificial altar of Ru.
   927 | D        | Noticed a shadow
   930 | D        | Killed a shadow
   930 | D        | Reached ** piety under Vehumet
   931 | D        | Reached XP level 8. HP: 42/42 MP: 11/28
  1015 | D        | Found a blossoming altar of Fedhas.
  1015 | D        | Found a stormy altar of Qazlal.
  1015 | D        | Found a snail-covered altar of Cheibriados.
  1015 | D        | Found a burning altar of Makhleb.
  1015 | D        | Found a shimmering altar of Xom.
  1016 | D        | Found a hazy altar of Hepliaklqana.
  1016 | D        | Found an opulent altar of Gozag.
  1016 | D        | Found a sparkling altar of Nemelex Xobeh.
  1016 | D        | Found a corrupted altar of Lugonu.
  1016 | D        | Found a viscous altar of Jiyva.
  1020 | D        | Offered knowledge of Foxfire by Vehumet.
  1102 | D        | Reached *** piety under Vehumet
  1103 | D        | Reached skill level 15 in Spellcasting
  1227 | D        | Noticed a two-headed ogre
  1232 | D        | Killed a two-headed ogre
  1232 | D        | Offered knowledge of Ignite Poison by Vehumet.
  1233 | D        | Noticed a two-headed ogre
  1250 | D        | Killed a two-headed ogre
  1251 | D        | Reached XP level 9. HP: 46/46 MP: 3/31
  1258 | D        | Noticed Erolcha
  1265 | D        | Killed Erolcha
  1266 | D        | Reached skill level 15 in Earth Magic
  1391 | D        | Reached **** piety under Vehumet
  1469 | D        | Noticed a wandering mushroom
  1473 | D        | Noticed a wandering mushroom
  1477 | D        | Killed a wandering mushroom
  1477 | D        | Offered knowledge of Hailstorm by Vehumet.
  1478 | D        | Noticed a wandering mushroom
  1483 | D        | Killed a wandering mushroom
  1488 | D        | Killed a wandering mushroom
  1602 | D        | Noticed an orc sorcerer
  1603 | D        | Reached ***** piety under Vehumet
  1603 | D        | Noticed an orc high priest
  1604 | D        | Killed an orc sorcerer
  1605 | D        | Reached skill level 1 in Conjurations
  1606 | D        | Killed an orc high priest
  1607 | D        | Reached skill level 1 in Evocations
  1607 | D        | Reached XP level 10. HP: 51/51 MP: 21/35
  1608 | D        | Noticed an orc knight
  1611 | D        | Noticed an orc sorcerer
  1615 | D        | Killed an orc knight
  1615 | D        | Reached ****** piety under Vehumet
  1615 | D        | Killed an orc sorcerer
  1638 | D        | Offered knowledge of Fulminant Prism by Vehumet.
  1661 | D        | HP: 2/51 [orc warrior/boomerang (11)]
  1816 | D        | Offered knowledge of Irradiate by Vehumet.
  1847 | D        | Found Ucseir's Magic Scroll Shop.
  1904 | D        | Bought a scroll of identify for 24 gold pieces
  1961 | D        | Noticed a deep elf mage
  1961 | D        | Noticed a deep elf knight
  1961 | D        | Noticed a deep elf mage
  1961 | D        | Noticed a deep elf mage
  1961 | D        | Noticed a deep elf mage
  1969 | D        | Killed a deep elf mage
  1970 | D        | Killed a deep elf mage
  1973 | D        | Killed a deep elf mage
  1974 | D        | Killed a deep elf knight
  1981 | D        | Killed a deep elf mage
  2148 | D        | Identified the ring "Jino" {+Inv Str+3 Dex+6 SInv}
  2148 | D        | Noticed a deep elf demonologist
  2149 | D        | Identified the ring of Erium {*Contam rCorr Int+4 Dex+2}
  2149 | D        | Noticed a deep elf high priest
  2151 | D        | Killed a deep elf high priest
  2152 | D        | Reached XP level 11. HP: 55/55 MP: 26/38
  2152 | D        | Noticed a deep elf blademaster
  2153 | D        | Noticed a blizzard demon
  2153 | D        | Killed a deep elf demonologist
  2153 | D        | Offered knowledge of Spellforged Servitor by Vehumet.
  2153 | D        | Noticed a deep elf annihilator
  2156 | D        | Noticed a deep elf demonologist
  2158 | D        | Noticed a deep elf demonologist
  2160 | D        | Killed a deep elf demonologist
  2160 | D        | Noticed a deep elf high priest
  2162 | D        | Killed a deep elf high priest
  2164 | D        | Noticed a soul eater
  2366 | D        | Killed a deep elf demonologist
  2416 | D        | Killed a deep elf annihilator
  2421 | D        | Killed a deep elf blademaster
  2434 | D        | Identified the Guide on Transmigration
  2437 | D        | Got a brightly glowing glass ring
  2441 | D        | Identified the Almanac of the Poisonous Rocks
  2510 | D        | Identified the ring "Tutaj" {+Fly rElec Str+9 Int-5 Dex+6}
                  | (You found it in the Dungeon)
  2545 | D        | Bought a scroll of identify for 24 gold pieces
  2545 | D        | Bought a scroll of magic mapping for 42 gold pieces
  2608 | D        | Offered knowledge of Freezing Cloud by Vehumet.
  2697 | D        | Reached XP level 12. HP: 60/60 MP: 39/42
  2824 | D        | Noticed Urug
  2833 | D        | Killed Urug
  2841 | D        | Learned a level 6 spell: Iron Shot
  2847 | D        | Learned a level 5 spell: Bolt of Magma
  2854 | D        | Learned a level 6 spell: Statue Form
  2864 | D        | Learned a level 9 spell: Shatter
  2928 | D        | Noticed a five-headed hydra
  2928 | D        | Noticed a seven-headed hydra
  2930 | D        | Offered knowledge of Fireball by Vehumet.
  2934 | D        | Killed a seven-headed hydra
  2934 | D        | Killed a five-headed hydra
  3000 | D        | Found a blossoming altar of Fedhas.
  3071 | D        | Offered knowledge of Lightning Bolt by Vehumet.
  3076 | D        | Reached skill level 1 in Fire Magic
  3461 | D        | Reached skill level 1 in Fighting
  3466 | D        | Noticed Donald
  3466 | D        | Noticed Frances
  3472 | D        | Killed Frances
  3472 | D        | Killed Donald
  3505 | D        | Offered knowledge of Ozocubu's Refrigeration by Vehumet.
  3765 | D        | Reached skill level 1 in Shields
  3766 | D        | Offered knowledge of Starburst by Vehumet.
  3797 | D        | Reached XP level 13. HP: 64/64 MP: 33/45
  3861 | D        | Found Datosch's Magic Scroll Emporium.
  3861 | D        | Found Yganuss's Jewellery Shop.
  3861 | D        | Found Cekepnic's Gadget Boutique.
  3861 | D        | Found Kinycs's Book Shoppe.
  3861 | D        | Found Laamnups's Jewellery Emporium.
  3861 | D        | Found Sorphi Aledgh's Antique Armour Shoppe.
  3861 | D        | Found Wiamayj's Jewellery Shop.
  3861 | D        | Found Xuexa's Assorted Antiques.
  3861 | D        | Found Urecaoso's Weapon Emporium.
  3861 | D        | Found Jyasal's Antique Weapon Emporium.
  3861 | D        | Found Jeruem's Distillery.
  3899 | D        | Bought a glowing cloak for 165 gold pieces
  3921 | D        | Bought a scintillating lapis lazuli ring for 155 gold
                  | pieces
  3925 | D        | Bought a potion of heal wounds for 65 gold pieces
  3932 | D        | Bought a scroll of acquirement for 676 gold pieces
  3932 | D        | Acquired 808 gold pieces
  3987 | D        | Offered knowledge of Lehudib's Crystal Spear by Vehumet.
  3987 | D        | Offered knowledge of Chain Lightning by Vehumet.
  3987 | D        | Offered knowledge of Tornado by Vehumet.
  4023 | D        | Noticed a fire dragon
  4031 | D        | Reached skill level 27 in Spellcasting
  4032 | D        | Reached skill level 5 in Transmutations
  4033 | D        | Killed a fire dragon
  4424 | D        | Noticed Chuck
  4431 | D        | Killed Chuck
  4487 | D        | Noticed Sojobo
  4491 | D        | Killed Sojobo
  4614 | D        | Noticed a lich
  4615 | D        | Paralysed by a lich for 5 turns
  4620 | D        | Killed a lich
  4688 | D        | Identified the ring of Lilacs {Ice *Corrode rPois Will+++
                  | Dex+3} (You bought it in a shop in the Dungeon)
  4786 | D        | Reached skill level 27 in Earth Magic
  4786 | D        | Reached XP level 14. HP: 70/70 MP: 37/47
  4809 | D        | Reached skill level 10 in Transmutations
  4824 | D        | Noticed a lich
  4826 | D        | Killed a lich
  4849 | D        | Noticed a sphinx
  4850 | D        | Reached skill level 10 in Dodging
  4850 | D        | Noticed a sphinx
  4855 | D        | Killed a sphinx
  4856 | D        | Reached skill level 5 in Evocations
  4864 | D        | Killed a sphinx
  5303 | D        | Learned a level 8 spell: Lehudib's Crystal Spear
  5303 | D        | Noticed Rupert
  5305 | D        | Killed Rupert
  5316 | D        | Noticed an azure jelly
  5316 | D        | Noticed an azure jelly
  5316 | D        | Noticed an azure jelly
  5316 | D        | Noticed an azure jelly
  5317 | D        | Noticed Gastronok
  5321 | D        | Killed Gastronok
  5322 | D        | Reached skill level 15 in Transmutations
  5531 | D        | Found Idgho's Antique Armour Shoppe.
  5531 | D        | Found Ifeyn's Book Boutique.
  5532 | D        | Noticed Xtahua
  5535 | D        | Killed Xtahua
  5536 | D        | Found Bacyshoprow's Distillery.
  5544 | D        | Bought a glowing hat for 231 gold pieces
  5546 | D        | Bought a potion of experience for 600 gold pieces
  5546 | D        | Bought a potion of heal wounds for 60 gold pieces
  5568 | D        | Reached skill level 5 in Conjurations
  5579 | D        | Got a decaying rune of Zot
  5860 | D        | Killed an azure jelly
  5861 | D        | Reached XP level 15. HP: 78/78 MP: 44/48
  5862 | D        | Killed an azure jelly
  5864 | D        | Killed an azure jelly
  5865 | D        | Reached skill level 10 in Evocations
  5865 | D        | Killed an azure jelly
  5866 | D        | Reached skill level 15 in Dodging
  6023 | D        | Reached skill level 10 in Stealth
  6126 | D        | Noticed a nagaraja
  6132 | D        | Killed a nagaraja
  6136 | D        | Found Mextinn's Jewellery Shop.
  6136 | D        | Found Mier's Distillery.
  6137 | D        | Found Dathroirph's Antique Armour Boutique.
  6146 | D        | Bought an embroidered scarf for 176 gold pieces
  6149 | D        | Bought a potion of heal wounds for 55 gold pieces
  6149 | D        | Reached skill level 1 in Staves
  6149 | D        | Reached XP level 16. HP: 84/84 MP: 37/49
  6164 | D        | Got a serpentine rune of Zot
  6437 | D        | Noticed a shadow dragon
  6437 | D        | Noticed a shadow dragon
  6445 | D        | Killed a shadow dragon
  6448 | D        | Killed a shadow dragon
  6767 | D        | Noticed a shadow dragon
  6767 | D        | Noticed a titan
  6767 | D        | Noticed a shadow dragon
  6767 | D        | Noticed a golden dragon
  6771 | D        | Reached skill level 5 in Fighting
  6771 | D        | Killed a titan
  6772 | D        | Reached skill level 10 in Conjurations
  6773 | D        | Killed a golden dragon
  6775 | D        | Killed a shadow dragon
  6778 | D        | Killed a shadow dragon
  6779 | D        | Reached XP level 17. HP: 92/92 MP: 17/50
  6799 | D        | Got a silver rune of Zot
  6808 | D        | Identified the Grimoire of the Final Curses
  6887 | D        | Noticed Nellie
  6891 | D        | Killed Nellie
  6896 | D        | Got a demonic rune of Zot
  6910 | D        | Acquired 643 gold pieces
  6959 | D        | Noticed Azrael
  6961 | D        | Killed Azrael
  6973 | D        | Acquired 671 gold pieces
  7084 | D        | Found Niurur's Gadget Emporium.
  7084 | D        | Found Ocie's Distillery.
  7084 | D        | Found Moddunkulobb's Armour Shop.
  7084 | D        | Found Loxoelet's Distillery.
  7093 | D        | Bought the -2 hat of the Alchemist {rElec rPois rF+ rC+ rN+
                  | Will+ rMut rCorr} for 660 gold pieces
  7093 | D        | Found the -2 hat of the Alchemist {rElec rPois rF+ rC+ rN+
                  | Will+ rMut rCorr}
  7177 | D        | Identified Roxanne's Almanac of the Rocks
  7177 | D        | Noticed Roxanne
  7180 | D        | Killed Roxanne
  7366 | D        | Found Xainam's Armour Boutique.
  7416 | D        | Bought the +4 moon troll leather armour {Spirit, Regen++
                  | MP+5} for 654 gold pieces
  7416 | D        | Found the +4 moon troll leather armour {Spirit, Regen++
                  | MP+5}
  7629 | D        | Noticed Nikola
  7630 | D        | Killed Nikola
  7642 | D        | Reached skill level 1 in Armour
  7664 | D        | Noticed Mara
  7708 | D        | Killed Mara
  7709 | D        | Reached skill level 15 in Conjurations
  8211 | D        | Noticed Nessos
  8212 | D        | Killed Nessos
  8221 | D        | Noticed Mennas
  8230 | D        | Killed Mennas
  8362 | D        | Noticed a Killer Klown
  8366 | D        | Killed a Killer Klown
  8367 | D        | Reached skill level 5 in Staves
  8377 | D        | Noticed an Orb Guardian
  8377 | D        | Noticed an Orb Guardian
  8378 | D        | Killed an Orb Guardian
  8379 | D        | Killed an Orb Guardian
  8380 | D        | Reached XP level 18. HP: 101/101 MP: 23/51
  8381 | D        | Noticed an ancient lich
  8385 | D        | Killed an ancient lich
  8386 | D        | Reached skill level 5 in Armour
  8386 | D        | Reached skill level 27 in Transmutations
  8517 | D        | Noticed an electric golem
  8525 | D        | Killed an electric golem
  8644 | D        | Reached skill level 27 in Dodging
  8646 | D        | Identified the +4 dragonskin cloak
  8646 | D        | Noticed Tiamat
  8658 | D        | Killed Tiamat
  8917 | D        | Noticed an orb of fire
  8922 | D        | Killed an orb of fire
  8922 | D        | Paralysed by a floating eye for 4 turns
  8923 | D        | Reached skill level 15 in Evocations
  8950 | D        | Gained mutation: You are clumsy. (Dex -2) [mutagenic glow]
  8960 | D        | Gained mutation: Armour fits poorly on your strangely
                  | shaped body. [mutagenic glow]
  8970 | D        | Gained mutation: You are very clumsy. (Dex -4) [mutagenic
                  | glow]
  9012 | D        | Gained mutation: You are weak. (Str -2) [mutagenic glow]
  9457 | D        | Noticed Boris
  9466 | D        | Killed Boris
  9467 | D        | Reached skill level 10 in Staves
  9624 | D        | Reached skill level 10 in Armour
  9821 | D        | Noticed a royal mummy
  9822 | D        | Noticed a royal mummy
  9829 | D        | Killed a royal mummy
  9845 | D        | Killed a royal mummy
  9956 | D        | Got a golden rune of Zot
  9960 | D        | Identified the Papyrus of Karma
 10119 | D        | Acquired the ring of the Equinox {+Fly rN+++ Will+ MP+9
                  | Str-4}
 10126 | D        | Acquired the amulet "Qohehuesk" {rF+ rC+ Regen+ Dex+4}
 10130 | D        | Acquired 842 gold pieces
 10134 | D        | Acquired 1201 gold pieces
 10138 | D        | Acquired 951 gold pieces
 10279 | D        | Noticed Geryon
 10296 | D        | Killed Geryon
 10479 | D        | Noticed a royal mummy
 10487 | D        | Killed a royal mummy
 10488 | D        | Reached XP level 19. HP: 59/112 MP: 45/52
 10564 | D        | Noticed a royal mummy
 10569 | D        | Reached skill level 10 in Fighting
 10572 | D        | Killed a royal mummy
 10642 | D        | Noticed Gloorx Vloq
 10661 | D        | Killed Gloorx Vloq
 10935 | D        | Noticed Murray
 10937 | D        | Noticed a royal mummy
 10957 | D        | Killed Murray
 10971 | D        | Killed a royal mummy
 11116 | D        | Noticed a royal mummy
 11122 | D        | Killed a royal mummy
 11181 | D        | Got a bone rune of Zot
 11233 | D        | Noticed an iron giant
 11238 | D        | Killed an iron giant
 11243 | D        | Reached skill level 27 in Conjurations
 11510 | D        | Got a smoking cloak
 11559 | D        | Identified the +4 staff of Dispater
 11559 | D        | Noticed Dispater
 11560 | D        | Noticed a Tzitzimitl
 11561 | D        | Noticed a Brimstone Fiend
 11567 | D        | Killed Dispater
 11568 | D        | Reached skill level 15 in Armour
 11626 | D        | Got an iron rune of Zot
 11746 | D        | Reached skill level 27 in Evocations
 11750 | D        | Identified the -7 cloak "Pual" {Str+4 Dex+3 Stlth+} (You
                  | found it in the Dungeon)
 11799 | D        | Reached skill level 5 in Throwing
 11924 | D        | Noticed Antaeus
 11970 | D        | Killed Antaeus
 11971 | D        | Reached XP level 20. HP: 118/125 MP: 7/53
 12115 | D        | Got an icy rune of Zot
 12191 | D        | Bought a potion of magic for 96 gold pieces
 12192 | D        | Bought a potion of magic for 88 gold pieces
 12192 | D        | Bought a potion of flight for 33 gold pieces
 12192 | D        | Bought a potion of haste for 110 gold pieces
 12192 | D        | Bought 2 potions of haste for 220 gold pieces
 12192 | D        | Bought a potion of heal wounds for 55 gold pieces
 12203 | D        | Bought a potion of flight for 36 gold pieces
 12203 | D        | Bought a potion of flight for 36 gold pieces
 12203 | D        | Bought a potion of might for 48 gold pieces
 12247 | D        | Noticed the Serpent of Hell
 12256 | D        | Noticed a golden dragon
 12403 | D        | Killed the Serpent of Hell
 12404 | D        | Reached skill level 15 in Fire Magic
 12491 | D        | Found the +8 orange crystal plate armour {Archmagi, Int+3
                  | Clar}
 12511 | D        | Got an obsidian rune of Zot
 12721 | D        | Reached skill level 15 in Throwing
 12758 | D        | Noticed the Royal Jelly
 12765 | D        | Killed the Royal Jelly
 13021 | D        | Found the amulet of Vitality {Regen+ HP+15}
 13047 | D        | Got a slimy rune of Zot
 13315 | D        | Gained mutation: You occasionally shout uncontrollably at
                  | your foes. [mutagenic glow]
 13324 | D        | Gained mutation: Scrolls take you a little longer to read.
                  | [mutagenic glow]
 13325 | D        | Got the Orb of Zot
 13335 | D        | Gained mutation: You are frail. (-10% HP) [mutagenic glow]
 13342 | D        | Gained mutation: Potions are less effective at restoring
                  | your health. [mutagenic glow]
 13362 | D        | Gained mutation: Your magical capacity is low. (-10% MP)
                  | [mutagenic glow]
 13367 | D        | Noticed Ireal the pandemonium lord
 13369 | D        | Gained mutation: Your body sometimes deteriorates upon
                  | taking damage. [mutagenic glow]
 13378 | D        | Gained mutation: You are dopey. (Int -2) [mutagenic glow]
 13549 | D        | Escaped with the Orb!

Illustrated notes

Levels and vault maps discovered:
D:        dungeon_sprint_mu [sprint_mu_entry_cave, sprint_mu_temple_rooms,
          sprint_mu_d1_spiders, sprint_mu_d2_genie, sprint_mu_d3_branching,
          sprint_mu_orc_legion, sprint_mu_elf_gauntlet, sprint_mu_hive_nellie,
          sprint_mu_lair_fedhas, sprint_mu_vaults_butterflies,
          sprint_mu_slime_circle, sprint_mu_swamp_cave, sprint_mu_snake_twists,
          sprint_mu_blade_basic, sprint_mu_crypt_fortress,
          sprint_mu_tomb_spiral, sprint_mu_vestibule_basic,
          sprint_mu_gehenna_hellfire, sprint_mu_dis_giant,
          sprint_mu_tartarus_statrot, sprint_mu_cocytus_islands, sprint_mu_zot1]

Skill      XL: |  1  2  3  4  5  6  7  8  9 10 11 12 13 14 15 16 17 18 19 20 |
---------------+-------------------------------------------------------------+-----
Earth Magic    | 6 8 12 13 14 16 18 21 23 27 | 27.0
Dodging        | 3 4 5 6 7 8 14 16 21 26 27 | 27.0
Stealth        | 3 4 5 6 9 10 13 | 13.1
Spellcasting   | 4 7 12 14 16 19 21 24 26 27 | 27.0
Conjurations   | 1 2 3 4 5 6 11 17 24 27 | 27.0
Evocations     | 1 2 9 10 12 13 19 27 | 27.0
Transmutations | 2 4 9 17 19 22 26 27 | 27.0
Fire Magic     | 1 2 12 18 | 18.1
Fighting       | 1 3 4 5 7 9 13 14 | 14.5
Shields        | 1 2 4 |  4.0
Staves         | 1 5 12 13 | 13.4
Armour         | 4 12 15 16 | 16.3
Throwing       | 11 16 | 16.8

Action                   |  1- 3 |  4- 6 |  7- 9 | 10-12 | 13-15 | 16-18 | 19-21 || total
-------------------------+-------+-------+-------+-------+-------+-------+-------++-------
Melee: Staff             |       |       |       |    12 |     6 |    82 |    64 ||   164
       Unarmed           |       |       |       |     1 |       |       |       ||     1
Throw: Dart              |       |       |       |       |       |       |     5 ||     5
 Cast: Sandblast         |    17 |     5 |     5 |     3 |       |     3 |       ||    33
       Lee's Rapid Decon |       |     2 |    26 |    80 |   124 |    97 |    74 ||   403
       Stone Arrow       |       |       |    10 |     6 |     2 |       |       ||    18
       Petrify           |       |       |       |     6 |    13 |     2 |     1 ||    22
       Passwall          |       |       |       |     7 |       |     2 |     1 ||    10
       Statue Form       |       |       |       |     5 |    15 |    20 |    22 ||    62
       Bolt of Magma     |       |       |       |     3 |       |       |       ||     3
       Iron Shot         |       |       |       |     2 |     4 |       |     2 ||     8
       Lehudib's Crystal |       |       |       |       |     4 |    22 |    36 ||    62
       Shatter           |       |       |       |       |       |    46 |    31 ||    77
 Abil: Evoke Flight      |       |       |       |       |     1 |     2 |     7 ||    10
       Stop Flying       |       |       |       |       |       |       |     1 ||     1
Evoke: Phantom mirror    |       |       |     1 |     2 |       |       |       ||     3
       Wand              |       |       |       |       |     4 |     4 |       ||     8
       Condenser vane    |       |       |       |       |     2 |     7 |     4 ||    13
       Lightning rod     |       |       |       |       |       |     9 |     7 ||    16
       Horn of Geryon    |       |       |       |       |       |       |     1 ||     1
  Use: Potion            |     5 |       |       |     6 |     3 |     5 |    17 ||    36
       Scroll            |       |       |       |     8 |     3 |    11 |     6 ||    28
 Stab: Sleeping          |       |       |       |     1 |       |       |       ||     1
       Distracted        |       |       |       |       |       |       |     1 ||     1
Armor: Robe              |       |       |       |     1 |       |       |       ||     1
       Skin              |       |       |       |    10 |    41 |    65 |    68 ||   184
       Troll leather arm |       |       |       |       |       |     1 |       ||     1
Dodge: Dodged            |     3 |     2 |     6 |    52 |    94 |   294 |   256 ||   707
       Repelled          |       |       |       |       |       |     5 |    16 ||    21
Block: Buckler           |       |       |       |    13 |    40 |    89 |    89 ||   231
       Reflection        |       |       |       |     3 |       |    13 |     2 ||    18

Table legend: (Time is in decaauts) A = Elapsed time spent in this place. B = Non-inter-level travel time spent in this place. C = Inter-level travel time spent in this place. D = Time resting spent in this place. E = Time spent auto-exploring this place. F = Levels seen in this place. G = Mean time per level. A B C D E F G +--------+--------+--------+--------+--------+-----+--------+ Total | 15347 | 14560 | 787 | 8380 | 33 | 1 | 15347.0 | Dungeon | 15347 | 14560 | 787 | 8380 | 33 | 1 | 15347.0 | +--------+--------+--------+--------+--------+-----+--------+

Top non-repeatable levels by time:
       D: 15347 daAuts
